 Dungeon Crawl Stone Soup version 0.25-a0-766-g0ecfff5982 (webtiles) character file.

Game seed: 1077216057974760440, levelgen mode: deterministic

110 Error4North the Skirmisher (level 4, -2/41 HPs)
             Began as a Hill Orc Fighter on Apr 13, 2020.
             Killed from afar by an orc wizard (8 damage)
             ... with a puff of flame
             ... on level 3 of the Dungeon.
             The game lasted 00:05:31 (1808 turns).

Error4North the Skirmisher (Hill Orc Fighter)       Turns: 1808, Time: 00:05:31

Health: -2/41      AC: 10    Str: 19    XL:     4   Next: 91%
Magic:  4/4        EV:  3    Int:  8    God:
Gold:   107        SH: 14    Dex: 10    Spells: 3/3 levels left

rFire    . . .     SeeInvis .   a - +0 war axe
rCold    . . .     Gourm    .   r - +0 tower shield
rNeg     . . .     Faith    .   s - +0 chain mail
rPois    .         Spirit   .   k - +0 helmet
rElec    .         Reflect  .   (no cloak)
rCorr    .         Harm     .   (no gloves)
MR       .....                  (no boots)
Stlth    ..........             (no amulet)
HPRegen  0.13/turn              (no ring)
MPRegen  0.09/turn              (no ring)

@: no status effects
A: no striking features
a: no special abilities


You were on level 3 of the Dungeon.
You were hungry.

You visited 1 branch of the dungeon, and saw 3 of its levels.

You collected 107 gold pieces.

Inventory:

Hand Weapons
 a - a +0 war axe (weapon)
Missiles
 p - 4 boomerangs (quivered)
Armour
 k - a +0 helmet (worn)
 r - a +0 tower shield (worn)
 s - a +0 chain mail (worn)
Scrolls
 c - 2 scrolls of enchant weapon {unknown}
 h - a scroll of remove curse {unknown}
 l - 3 scrolls of fog {unknown}
 n - a scroll of blinking {unknown}
 o - 2 scrolls of immolation {unknown}
 q - 2 scrolls of identify {unknown}
Potions
 d - 2 potions of might
 e - 3 potions of berserk rage {unknown}
 g - a potion of curing {unknown}
 i - a potion of invisibility {unknown}
 j - a potion of flight {unknown}
Comestibles
 f - 3 rations
 m - 2 chunks of flesh


   Skills:
 * Level 4.6 Fighting
 + Level 3.9 Axes
 * Level 3.7 Armour
 + Level 0.4 Dodging
 + Level 0.2 Stealth
 * Level 4.2 Shields


You had 3 spell levels left.
You didn't know any spells.
Your spell library was empty.

Dungeon Overview and Level Annotations

Branches:
Dungeon (3/15)

Altars:


Message History

You hear a shout!
You hear some strange, mumbled words.
A magic dart appears from out of thin air!
The magic dart hits you but does no damage.
You closely miss something. Something hits you but does no damage.
You miss something. Something hits you.
* * * LOW HITPOINT WARNING * * *
You hear some strange, mumbled words.
Something tries to affect you, but you resist.
You hit something.
You hear some strange, mumbled words.
A magic dart appears from out of thin air!
The magic dart hits you.
* * * LOW HITPOINT WARNING * * *
Your shield prevents you from hitting something.
Something hits you but does no damage.
Your shield prevents you from hitting something.
You hear some strange, mumbled words.
A puff of flame appears from out of thin air!
The puff of flame hits you!
You die...

.# ###.#
########
.##.#
#o{@...#
.##.#
#o###.##
..#.# #
#.#
..#.#.#
#.#
....#.###
#.#
.#..#...
#.#
(...#.#
#.#
#.#..#
#.#
#.#..#
#.#


You could see 2 orcs.

Vanquished Creatures
  3 adders (D:2)
  An ooze (D:2)
  3 worms
  3 dart slugs
  A leopard gecko (D:1)
  5 orcs (D:3)
  A ball python (D:1)
  3 giant cockroaches
  5 goblins
  8 hobgoblins
  7 jackals
  2 kobolds
  A quokka (D:2)
  4 bats
  3 frilled lizards (D:1)
  6 rats
56 creatures vanquished.

Notes
Turn   | Place    | Note
-------+----------+-------------------------------------------
     0 | D:1      | Error4North the Hill Orc Fighter began the quest for the
                  | Orb.
     0 | D:1      | Reached XP level 1. HP: 19/19 MP: 1/1
   115 | D:1      | Reached XP level 2. HP: 20/27 MP: 2/2
   480 | D:1      | Reached XP level 3. HP: 32/33 MP: 3/3
  1070 | D:2      | Reached XP level 4. HP: 28/40 MP: 4/4
  1808 | D:3      | Killed from afar by an orc wizard

Levels and vault maps discovered:
D:1:      eino_arrival_cavern_d, layout_loops_ring
D:2:      layout_basic, nrook_mini_backslash
D:3:      layout_basic, kennysheep_vampire_church,
          nicolae_qazlal_eye_of_the_storm,
          chequers_temple_overflow_statue_of_worship, hangedman_decor_points

Skill      XL: |  1  2  3 |
---------------+----------+-----
Fighting       | 4 |  4.6
Axes           | 3 |  3.9
Shields        | 4 |  4.2
Armour         | |  3.7
Dodging        | |  0.4
Stealth        | |  0.2

Action                   |  1- 3 |  4- 6 || total
-------------------------+-------+-------++-------
Melee: War axe           |   120 |   125 ||   245
  Eat: Chunk             |     1 |     2 ||     3
Armor: Scale mail        |    72 |    27 ||    99
       Chain mail        |       |    35 ||    35
Dodge: Dodged            |    42 |    19 ||    61
Block: Kite shield       |    75 |    20 ||    95
       Tower shield      |       |    45 ||    45

Table legend:
 A = Non-vault XP
 B = Vault XP
 C = Vault XP percentage of total XP
 D = Non-vault monster count
 E = Vault monster count
 F = Vault count percentage of total count
                 A         B        C        D         E       F
            +---------+---------+-------+---------+---------+-------
      Total |     158 |       0 |   0.0 |      56 |       0 |   0.0
            +---------+---------+-------+---------+---------+-------
        D:1 |      43 |       0 |   0.0 |      24 |       0 |   0.0
        D:2 |      78 |       0 |   0.0 |      16 |       0 |   0.0
        D:3 |      37 |       0 |   0.0 |      16 |       0 |   0.0
            +---------+---------+-------+---------+---------+-------
